 Dungeon Crawl Stone Soup version 0.28-a0-10-g964c8b829e (webtiles) character file.

Game seed: 15122969288090226732

187032 dadaray the Carver (level 17, -4/135 HPs)
             Began as a Demonspawn Gladiator on July 25, 2021.
             Was the Champion of Okawaru.
             Killed from afar by a shock serpent (12 damage)
             ... with a bolt of electricity
             ... on level 4 of the Snake Pit.
             The game lasted 01:19:28 (25301 turns).

dadaray the Carver (Demonspawn Gladiator)          Turns: 25301, Time: 01:19:28

Health: -4/135     AC: 16    Str: 21    XL:     17   Next: 86%
Magic:  33/33      EV: 19    Int: 13    God:    Okawaru [******]
Gold:   1917       SH:  5    Dex: 21    Spells: 33/41 levels left

rFire   . . .      SeeInvis .   y - +8 demon blade "Leech" {vamp, *Rage +Rage rN+}
rCold   + . .      Faith    .   (no shield)
rNeg    + . .      Spirit   .   B - +0 troll leather armour
rPois   .          Reflect  +   j - +1 helmet {Int+3}
rElec   .          Harm     .   T - +0 cloak {Stlth+}
rCorr   .          Rampage  .   I - +3 pair of gauntlets of War {Slay+5}
Will    +....      Rnd*Rage +   (no boots)
Stlth   +++.......              c - amulet of the Final Chapter {Reflect +Inv rC+ Regen+ SH+5}
HPRegen 2.32/turn               D - +6 ring of strength
MPRegen 0.23/turn               K - +4 ring of slaying

@: lethally poisoned (-4 -> -5)
A: hooves 2, thin metallic scales 2, ignite blood 3, powered by pain 2, subdued
magic 1
a: Renounce Religion, Evoke Berserk Rage, Evoke Invisibility, Heroism, Finesse


You were on level 4 of the Snake Pit.
You worshipped Okawaru.
Okawaru was exalted by your worship.
You visited 4 branches of the dungeon, and saw 27 of its levels.

You collected 2794 gold pieces.
You spent 877 gold pieces at shops.

Inventory:

Hand Weapons
 y - the +8 demon blade "Leech" (weapon) {vamp, *Rage +Rage rN+}
   (You found it on level 5 of the Dungeon)

   It heals its wielder for a portion of the damage dealt every time it strikes
   a living foe.
   rN:        It protects you from negative energy.
   +Rage:     It lets you go berserk.
   *Rage:     It may make you go berserk in combat.
 O - a +2 executioner's axe of electrocution
 V - a +3 demon blade of flaming
 Z - the +12 broad axe of Excruciating Pain {vorpal, Dex+4}
   (Okawaru gifted it to you on level 5 of the Lair of Beasts)

   It inflicts extra damage upon your enemies.
   Dex:       It affects your dexterity (+4).
Missiles
 d - 4 throwing nets (quivered)
Armour
 j - a +1 helmet of intelligence (worn)
 B - a +0 troll leather armour (worn)
 I - the +3 pair of gauntlets of War (worn) {Slay+5}
   (You found it on level 8 of the Dungeon)

   Slay:      It affects your accuracy & damage with ranged weapons and melee
   (+5).
 S - a +1 buckler of protection
 T - a +0 cloak of stealth (worn)
Jewellery
 c - the amulet of the Final Chapter (around neck) {Reflect +Inv rC+ Regen+ SH+5}
   (You bought it in a shop on level 2 of the Orcish Mines)

   [amulet of reflection]

   It reflects blocked missile attacks.
   rC:        It protects you from cold.
   +Inv:      It lets you turn invisible.
   Regen:     It increases your rate of health regeneration.
   SH:        It affects your SH (+5).
 n - a ring of protection from cold
 D - a +6 ring of strength (left hand)
 K - a +4 ring of slaying (right hand)
 U - a ring of willpower
 X - a +6 ring of strength
Wands
 x - a wand of acid (31)
 H - a wand of iceblast (13)
 N - a wand of polymorph (14)
 Q - a wand of mindburst (38)
 R - a wand of paralysis (5)
Scrolls
 b - 4 scrolls of enchant weapon {unknown}
 e - 5 scrolls of identify
 f - 9 scrolls of teleportation
 q - 3 scrolls of noise {unknown}
 r - 5 scrolls of fog {unknown}
 u - 2 scrolls of amnesia
 v - 4 scrolls of enchant armour
 C - 2 scrolls of blinking
 E - 4 scrolls of vulnerability
 F - 2 scrolls of immolation
 P - 4 scrolls of magic mapping
Potions
 a - a potion of invisibility
 g - 4 potions of heal wounds
 h - 4 potions of lignification
 i - a potion of magic
 k - 6 potions of mutation
 l - 3 potions of flight
 m - 7 potions of attraction
 o - 3 potions of brilliance
 p - 4 potions of curing
 t - 3 potions of berserk rage
 w - 5 potions of haste
 z - 2 potions of cancellation {unknown}
 A - 5 potions of might
 G - 5 potions of degeneration
 L - 8 potions of ambrosia
 Y - 2 potions of resistance
Miscellaneous
 J - a lightning rod (4/4)


   Skills:
 - Level 12.6 Fighting
 - Level 14.3 Long Blades
 - Level 8.8 Axes
 - Level 1.8 Throwing
 - Level 8.3 Armour
 - Level 9.9 Dodging
 - Level 0.5 Stealth
 * Level 12.6 Spellcasting
 * Level 12.5 Transmutations
 - Level 10.8 Invocations
 - Level 0.2 Evocations


You had 33 spell levels left.
You knew the following spells:

 Your Spells              Type           Power      Damage    Failure   Level
a - Blink                 Tloc           N/A        N/A       12%         2
b - Statue Form           Tmut/Erth      12%        N/A       69%         6

Your spell library contained the following spells:

 Spells                   Type           Power      Damage    Failure   Level
 Sting                    Tmut/Pois      72%        1d6       1%          1
 Passwall                 Tmut/Erth      15%        N/A       1%          2
 Wereblood                Tmut           31%        N/A       1%          2
 Blade Hands              Tmut           15%        N/A       1%          5
 Ignite Poison            Fire/Tmut/Pois 14%        N/A       3%          3
 Ice Form                 Ice/Tmut       18%        N/A       5%          4
 Petrify                  Tmut/Erth      18%        N/A       5%          4
 Foxfire                  Conj/Fire      24%        2x1d5     8%          1
 Poisonous Vapours        Pois/Air       12%        N/A       12%         2
 Static Discharge         Conj/Air       6%         N/A       12%         2
 Sublimation of Blood     Necr           3%         N/A       12%         2
 Conjure Flame            Conj/Fire      6%         6-21      24%         3
 Mephitic Cloud           Conj/Pois/Air  6%         N/A       24%         3
 Portal Projectile        Hex/Tloc       12%        N/A       24%         3
 Summon Guardian Golem    Hex/Summ       6%         N/A       24%         3
 Swiftness                Air            6%         N/A       24%         3
 Airstrike                Air            3%         N/A       63%         4
 Dispel Undead            Necr           6%         3d8       63%         4
 Hailstorm                Conj/Ice       6%         3d4       63%         4
 Olgreb's Toxic Radiance  Pois           6%         N/A       63%         4
 Sticky Flame             Conj/Fire      6%         2d3       63%         4
 Summon Lightning Spire   Summ/Air       6%         N/A       63%         4
 Bolt of Magma            Conj/Fire/Erth 3%         4d5       94%         5
 Excruciating Wounds      Necr           3%         N/A       94%         5
 Fireball                 Conj/Fire      3%         3d4       94%         5
 Lightning Bolt           Conj/Air       3%         1d14      94%         5
 Manifold Assault         Tloc           6%         N/A       94%         5
 Metabolic Englaciation   Hex/Ice        3%         N/A       94%         5
 Storm Form               Tmut/Air       9%         N/A       99%         7
 Invisibility             Hex            3%         N/A       100%        6
 Simulacrum               Ice/Necr       3%         N/A       100%        6
 Orb of Destruction       Conj           3%         9d1       100%        7
 Spellforged Servitor     Conj/Summ      3%         N/A       100%        7
 Summon Hydra             Summ           3%         N/A       100%        7


Dungeon Overview and Level Annotations

Branches:
Dungeon (15/15)            Temple (0/1) D:6            Lair (6/6) D:9
 Shoals (0/4) Lair:2        Snake (4/4) Lair:3        Slime (0/5) Lair:6
    Orc (2/2) D:9             Elf (0/3) Orc:2        Vaults (0/5) D:13
 Depths (0/5) D:15

Altars:
Fedhas
Hepliaklqana
Okawaru
Trog
Zin
Beogh
Jiyva

Shops:
D:8 (   D:9 :   D:10 ?   D:11 (   Orc:2 **=(!((=

Annotations:
D:11 3 runed translucent doors, sn0wgr3's ghost, journeyman GrFi
Lair:1 exclusion: 2 oklob plants
Lair:6 2 runed translucent doors
Snake:1 1 runed translucent door, sn0wgr3's ghost, journeyman MiCK


Innate Abilities, Weirdness & Mutations

You have hoof-like feet.
You are mostly covered in thin metallic scales. (AC +3)
Your demonic aura causes all spilled blood to erupt in flames.
You sometimes gain power by taking damage.
Your spells are a little easier to cast, but a little less powerful.


Message History

A naga comes into view. It is wielding a +0 hand axe.
The guardian serpent casts a spell at you.
You easily resist.
The shock serpent is engulfed in blazing flames.
The shock serpent's electric aura discharges, shocking you!
The guardian serpent casts a spell at you.
The bolt of poison hits you!!
You are poisoned.
The shock serpent bites you! The shock serpent shocks you!
You feel very sick.
The guardian serpent casts a spell at you.
The shock serpent blinks!
The shock serpent completely misses you.
You riposte.
You closely miss the shock serpent. You kick the shock serpent!
The shock serpent is heavily wounded.
The shock serpent's electric aura discharges, shocking you!
* * * LOW HITPOINT WARNING * * *
Unknown command.
Unknown command.
You feel very sick. The shock serpent barely misses you.
The shock serpent completely misses you.
You riposte.
You closely miss the shock serpent. You kick the shock serpent!
The shock serpent is severely wounded.
The shock serpent's electric aura discharges, shocking you!
* * * LOW HITPOINT WARNING * * *
You feel sick.
The guardian serpent casts a spell at you.
The naga blinks into view!
The shock serpent shoots out a bolt of lightning at you!
The bolt of electricity hits you!
* * * LOW HITPOINT WARNING * * *
There is a stone staircase leading up, spattered with blood here.
You feel sick. You block the shock serpent's attack.
The naga hits you with a +0 hand axe!
* * * LOW HITPOINT WARNING * * *
The naga completely misses you.
The shock serpent shoots out a bolt of lightning at you!
The bolt of electricity hits you!
You die...

##.# . # #######..###...
#. #..........#...
#.##<............
#.............#
####.....(.....#
##..............# ≈≈
#..##...../.....# ≈≈
##.)....SN@......# ..
###..###...S.......# ''#
#......°..............
...###.......#..#########.
........(.......... .
.............#..###
.........#####..#
...)..#### #..# ....###
.N..


You could see a shock serpent, a guardian serpent and a naga.

Vanquished Creatures
  Bai Suzhen (Snake:4)
  Vashnia (Snake:2)
  Kirke (D:13)
  Agnes (Snake:1)
  A very ugly thing (Snake:1)
  Azrael (D:15)
  An ettin (Orc:2)
  Snorg (Lair:6)
  11 hydras
  Erolcha (D:11)
  8 naga warriors
  2 boulder beetles
  2 centaur warriors
  3 ogre magi
  9 anacondas
  A death knight (D:14)
  13 death yaks
  3 tengu warriors
  12 two-headed ogres
  16 naga sharpshooters
  An orc high priest (Orc:1)
  5 shock serpents
  Sonja (D:11)
  A deep elf knight (D:12)
  5 skeletal warriors
  2 deep trolls (Orc:2)
  9 sea snakes (Snake:3)
  A phantasmal warrior (D:14)
  2 wizards (D:14)
  3 salamander mystics
  A lindwurm (Lair:6)
  A necromancer (D:15)
  4 deep elf pyromancers
  8 naga ritualists
  16 mana vipers
  A harpy (shapeshifter) (D:15)
  5 deep elf zephyrmancers
  24 ugly things
  An orc sorcerer (Orc:2)
  A manticore (D:15)
  7 cyclopes
  11 salamanders
  11 elephants
  A salamander (shapeshifter) (D:13)
  A guardian serpent (Snake:2)
  13 naga magi
  53 black mambas
  3 gargoyles
  8 cane toads
  3 molten gargoyles (Lair:6)
  A freezing wraith (D:12)
  A torpor snail (Lair:6)
  3 rime drakes
  2 kobold demonologists
  10 komodo dragons
  3 yaktaurs (D:13)
  2 tengu conjurers (D:15)
  A queen bee (Lair:2)
  13 trolls
  16 blink frogs
  9 slime creatures
  12 dream sheep (Lair:6)
  13 basilisks
  4 wraiths
  72 yaks
  13 wyverns
  5 hogs
  3 fire elementals (D:15)
  Grum (D:10)
  2 wargs (Orc:2)
  3 steam dragons
  4 vampire mosquitoes
  27 nagas
  8 hell hounds
  18 water moccasins
  3 acid dragons
  15 orc warriors
  2 sky beasts
  A black bear (shapeshifter) (D:12)
  2 necrophages (D:6)
  17 wolves
  23 ogres
  17 centaurs
  3 kobold brigands
  2 phantoms
  8 bullfrogs
  A wyvern zombie (D:8)
  2 scorpions
  A wyvern skeleton (D:6)
  A water moccasin skeleton (D:6)
  34 killer bees
  8 wights
  5 howler monkeys
  4 electric eels
  A bullfrog zombie (D:7)
  7 centaur zombies
  5 lava snakes (Lair:6)
  2 hounds
  2 jellies
  18 orc priests
  9 centaur skeletons
  9 orc wizards
  4 iguanas
  14 hell rats
  2 killer bee zombies
  3 hound skeletons (D:4)
  A howler monkey zombie (D:5)
  6 adders
  A shadow imp (D:5)
  A white imp (D:7)
  2 ufetubi
  3 dart slugs
  46 orcs
  10 ball pythons
  11 bats
  6 endoplasms
  3 giant cockroaches
  3 goblins
  8 hobgoblins
  15 jackals
  11 kobolds
  3 quokkas
  4 frilled lizards
  6 rats
  A bush (Lair:2)
904 creatures vanquished.

Vanquished Creatures (others)
  2 humans (D:13)
  A naga (Snake:3)
  A hell hound (Lair:6)
  A kobold (D:13)
  26 fungi
  113 plants
144 creatures vanquished.

Grand Total: 1048 creatures vanquished

Notes
Turn   | Place    | Note
-------+----------+-------------------------------------------
     0 | D:1      | dadaray the Demonspawn Gladiator began the quest for the
                  | Orb.
     0 | D:1      | Reached XP level 1. HP: 16/16 MP: 1/1
    36 | D:1      | Found a faded altar of an unknown god.
   193 | D:1      | Gained mutation: You sometimes gain a little power by
                  | taking damage. [demonic ancestry]
   193 | D:1      | Reached XP level 2. HP: 16/22 MP: 2/2
   518 | D:1      | Gained mutation: You are partially covered in thin metallic
                  | scales. (AC +2) [demonic ancestry]
   518 | D:1      | Reached XP level 3. HP: 27/28 MP: 3/3
  1320 | D:2      | Reached XP level 4. HP: 17/34 MP: 4/4
  1857 | D:2      | Found an iron altar of Okawaru.
  1952 | D:2      | Became a worshipper of Warmaster Okawaru
  2435 | D:3      | Gained mutation: Your demonic aura sometimes causes spilled
                  | blood to erupt in flames. [demonic ancestry]
  2435 | D:3      | Reached XP level 5. HP: 25/41 MP: 5/5
  2608 | D:3      | Reached skill level 1 in Armour
  3497 | D:4      | Gained mutation: You have large cloven feet. [demonic
                  | ancestry]
  3497 | D:4      | Reached XP level 6. HP: 30/47 MP: 6/6
  3804 | D:4      | Reached * piety under Okawaru
  4063 | D:4      | Reached skill level 5 in Axes
  4351 | D:5      | Entered Level 5 of the Dungeon
  4431 | D:5      | Found a transporter.
  4451 | D:5      | Found the +8 demon blade "Leech" {vamp, *Rage +Rage rN+}
  4451 | D:5      | Found a transporter.
  4742 | D:5      | Reached XP level 7. HP: 52/52 MP: 7/7
  4926 | D:5      | Reached ** piety under Okawaru
  5198 | D:6      | Reached skill level 1 in Long Blades
  5215 | D:6      | Reached skill level 2 in Long Blades
  5380 | D:6      | Noticed a wyvern
  5387 | D:6      | Killed a wyvern
  5388 | D:6      | Reached skill level 3 in Long Blades
  5388 | D:6      | Gained mutation: You sometimes gain power by taking damage.
                  | [demonic ancestry]
  5388 | D:6      | Reached XP level 8. HP: 50/60 MP: 5/8
  5402 | D:6      | Reached skill level 4 in Long Blades
  5520 | D:6      | Reached skill level 5 in Long Blades
  5595 | D:6      | Reached skill level 6 in Long Blades
  5654 | D:6      | Found a staircase to the Ecumenical Temple.
  6080 | D:7      | Reached *** piety under Okawaru
  6081 | D:7      | Reached skill level 7 in Long Blades
  6086 | D:7      | Reached XP level 9. HP: 58/65 MP: 9/9
  6589 | D:8      | Found the +3 pair of gauntlets of War {Slay+5}
  6699 | D:8      | Reached skill level 8 in Long Blades
  6745 | D:8      | Found Ebut's Antique Weapon Boutique.
  6958 | D:8      | Reached skill level 9 in Long Blades
  7244 | D:8      | Identified the +7 falchion "Ultimatum" {drain, Will+ Str-3
                  | Int+6}
  7289 | D:9      | Noticed a two-headed ogre
  7296 | D:9      | Killed a two-headed ogre
  7312 | D:9      | Reached **** piety under Okawaru
  7343 | D:9      | Reached XP level 10. HP: 73/73 MP: 10/12
  7371 | D:9      | Found Ogyixos's Self-Improvement Boutique.
  7387 | D:9      | Reached skill level 5 in Fighting
  7461 | D:9      | Reached skill level 5 in Dodging
  7465 | D:9      | Found a staircase to the Orcish Mines.
  7508 | D:9      | Found a staircase to the Lair.
  7785 | D:9      | Received a gift from Okawaru
  7786 | D:9      | Reached skill level 10 in Long Blades
  8419 | Lair:1   | Entered Level 1 of the Lair of Beasts
  8483 | Lair:1   | Noticed an oklob plant
  8483 | Lair:1   | Noticed an oklob plant
  8611 | Lair:1   | Noticed a cane toad
  8618 | Lair:1   | Killed a cane toad
  8669 | Lair:1   | Noticed a black mamba
  8674 | Lair:1   | Killed a black mamba
  8675 | Lair:1   | Reached skill level 5 in Invocations
  8779 | Lair:1   | Reached ***** piety under Okawaru
  8780 | Lair:1   | Gained mutation: You are mostly covered in thin metallic
                  | scales. (AC +3) [demonic ancestry]
  8780 | Lair:1   | Reached XP level 11. HP: 83/83 MP: 14/14
  8972 | Lair:1   | Noticed a seven-headed hydra
  9053 | Lair:2   | Reached skill level 11 in Long Blades
  9168 | Lair:2   | Received a gift from Okawaru
  9169 | Lair:2   | Reached skill level 5 in Armour
  9318 | Lair:2   | Found a staircase to the Shoals.
  9516 | Lair:2   | Noticed a lindwurm
  9516 | Lair:2   | Noticed a lindwurm
  9529 | Lair:2   | Noticed a lindwurm
  9704 | Lair:3   | Noticed a death yak
  9708 | Lair:3   | Noticed a death yak
  9709 | Lair:3   | Noticed a death yak
  9719 | Lair:3   | Killed a death yak
  9721 | Lair:3   | Killed a death yak
  9725 | Lair:3   | Killed a death yak
  9726 | Lair:3   | Reached skill level 12 in Long Blades
  9751 | Lair:3   | Gained mutation: You have hoof-like feet. [demonic
                  | ancestry]
  9751 | Lair:3   | Reached XP level 12. HP: 88/92 MP: 16/16
  9815 | Lair:3   | Found a staircase to the Snake Pit.
 10036 | Lair:3   | Noticed a six-headed hydra
 10054 | Lair:3   | Killed a seven-headed hydra
 10653 | Lair:4   | Received a gift from Okawaru
 10874 | Lair:4   | Got Ziniprit's Almanac of Ignition
 10975 | Lair:4   | Noticed a death yak
 10982 | Lair:4   | Reached skill level 13 in Long Blades
 10996 | Lair:4   | Killed a death yak
 11079 | Lair:4   | Reached ****** piety under Okawaru
 11447 | Lair:5   | Noticed a seven-headed hydra
 11536 | Lair:5   | Noticed an eight-headed hydra
 11544 | Lair:5   | Killed a ten-headed hydra
 11544 | Lair:5   | Identified the +12 broad axe of Excruciating Pain {vorpal,
                  | Dex+4} (Okawaru gifted it to you on level 5 of the Lair of
                  | Beasts)
 11544 | Lair:5   | Received a gift from Okawaru
 11548 | Lair:5   | Reached XP level 13. HP: 101/101 MP: 17/19
 12145 | Lair:6   | Entered Level 6 of the Lair of Beasts
 12145 | Lair:6   | Noticed Snorg
 12154 | Lair:6   | Killed Snorg
 12155 | Lair:6   | Reached skill level 10 in Fighting
 12331 | Lair:6   | Found a staircase to the Slime Pits.
 12335 | Lair:6   | Found a viscous altar of Jiyva.
 12387 | Lair:6   | Received a gift from Okawaru
 12682 | Lair:6   | Received a gift from Okawaru
 12721 | Lair:6   | Noticed a fire dragon
 12770 | Lair:6   | Gained mutation: Your demonic aura often causes spilled
                  | blood to erupt in flames. [demonic ancestry]
 12770 | Lair:6   | Reached XP level 14. HP: 111/113 MP: 21/21
 12779 | Lair:6   | HP: 3/113 [molten gargoyle/bolt of magma (6)]
 13233 | Lair:6   | Found an iron altar of Okawaru.
 13286 | Lair:6   | Received a gift from Okawaru
 13589 | Lair:6   | Reached skill level 14 in Long Blades
 13623 | Lair:6   | Found a large runed translucent door.
 13623 | Lair:6   | Found a large runed translucent door.
 13996 | Orc:1    | Entered Level 1 of the Orcish Mines
 14324 | Orc:2    | Entered Level 2 of the Orcish Mines
 14340 | Orc:2    | Found a staircase to the Elven Halls.
 14420 | Orc:2    | Gained mutation: Your spells are a little easier to cast,
                  | but a little less powerful. [a neqoxec]
 14477 | Orc:2    | Found Uwipn's Weapon Shop.
 14492 | Orc:1    | Reached skill level 10 in Invocations
 14663 | Orc:1    | Found a bloodstained altar of Trog.
 14774 | Orc:2    | Found Buoh's Jewellery Shoppe.
 14828 | Orc:2    | Found Vecuvusisu's Distillery.
 14831 | Orc:2    | Found Lugowk's Weapon Emporium.
 14848 | Orc:2    | Found Moba's Assorted Antiques.
 14853 | Orc:2    | Found Mumub's Jewellery Shoppe.
 14853 | Orc:2    | Found Duokoino's Antique Weapon Shoppe.
 15167 | Orc:2    | Found Zejeoryt's General Store.
 15177 | Orc:2    | Bought a potion of heal wounds for 75 gold pieces
 15177 | Orc:2    | Bought a potion of heal wounds for 75 gold pieces
 15528 | Orc:2    | Received a gift from Okawaru
 15598 | Orc:2    | Bought the amulet of the Final Chapter {Reflect +Inv rC+
                  | Regen+ SH+5} for 663 gold pieces
 15818 | Orc:2    | Bought 2 scrolls of identify for 64 gold pieces
 15878 | D:10     | Entered Level 10 of the Dungeon
 15935 | D:10     | Found a hazy altar of Hepliaklqana.
 16145 | D:10     | Noticed Grum
 16160 | D:10     | Killed Grum
 16183 | D:10     | Found Teoximow's Magic Scroll Shop.
 16493 | D:11     | Noticed Erolcha
 16499 | D:11     | Killed Erolcha
 16520 | D:11     | Reached XP level 15. HP: 109/122 MP: 21/23
 16644 | D:11     | Noticed Sonja
 16655 | D:11     | Killed Sonja
 16680 | D:11     | Found a runed translucent gate.
 16681 | D:11     | Found a runed translucent gate.
 16682 | D:11     | Found a runed translucent gate.
 16682 | D:11     | Noticed sn0wgr3's ghost (journeyman GrFi)
 16686 | D:11     | Found a viscous altar of Jiyva.
 16722 | D:11     | Learned a level 2 spell: Blink
 16849 | D:11     | Found Nuorukem's Weapon Emporium.
 17416 | D:12     | Learned a level 6 spell: Statue Form
 17444 | D:12     | Reached skill level 1 in Spellcasting
 17474 | D:12     | Reached skill level 1 in Transmutations
 17670 | D:12     | Received a gift from Okawaru
 18094 | D:13     | Noticed Kirke
 18339 | D:13     | Killed Kirke
 18885 | D:13     | Received a gift from Okawaru
 18943 | D:13     | Found a gate to the Vaults.
 18981 | D:13     | Reached skill level 5 in Spellcasting
 19207 | D:14     | Reached skill level 5 in Transmutations
 20092 | D:14     | Found a blossoming altar of Fedhas.
 20269 | D:14     | Received a gift from Okawaru
 20339 | D:15     | Entered Level 15 of the Dungeon
 20779 | D:15     | Reached XP level 16. HP: 127/129 MP: 26/26
 20994 | D:15     | Noticed Azrael
 21010 | D:15     | Killed Azrael
 21182 | D:15     | Found a staircase to the Depths.
 21509 | Snake:1  | Entered Level 1 of the Snake Pit
 21517 | Snake:1  | Found a runed translucent door.
 21518 | Snake:1  | Noticed sn0wgr3's ghost (journeyman MiCK)
 21527 | Snake:1  | Identified the +1 ring mail "Zeepeng" {Dex+3} (Okawaru
                  | gifted it to you on level 1 of the Snake Pit)
 21527 | Snake:1  | Received a gift from Okawaru
 21659 | Snake:1  | You fall into a shaft and drop 1 floor!
 21782 | Snake:1  | Noticed Agnes
 22013 | Snake:1  | Killed Agnes
 22736 | Snake:1  | Reached skill level 10 in Spellcasting
 22756 | Snake:1  | Reached skill level 10 in Transmutations
 22816 | Snake:2  | Noticed Vashnia
 22998 | Snake:2  | Identified the +1 pair of gloves "Sopog" {Harm rC- MP+9
                  | Str+4} (Okawaru gifted it to you on level 2 of the Snake
                  | Pit)
 22998 | Snake:2  | Received a gift from Okawaru
 23070 | Snake:2  | Gained mutation: Your demonic aura causes all spilled blood
                  | to erupt in flames. [demonic ancestry]
 23070 | Snake:2  | Reached XP level 17. HP: 118/135 MP: 31/31
 23438 | Snake:2  | Identified the +5 trident of Nightmares {vorpal, rF- Dex+4
                  | Stlth+}
 23543 | Snake:2  | Killed Vashnia
 24182 | Snake:3  | Received a gift from Okawaru
 25083 | Snake:4  | Entered Level 4 of the Snake Pit
 25085 | Snake:4  | Noticed Bai Suzhen
 25098 | Snake:4  | Killed Bai Suzhen
 25159 | Snake:4  | Received a gift from Okawaru
 25301 | Snake:4  | Killed from afar by a shock serpent

Illustrated notes

Levels and vault maps discovered:
D:1:      giann_bridges, layout_loops_ring,
          shapermc_ecumenical_altar_mp_ritualfount, minmay_misc_feat_enclosed
D:2:      layout_basic, basic_altar, supply_closet_lemuel, amethyst_killhole
D:3:      layout_basic
D:4:      minmay_general_purpose_star, layout_loops_ring,
          kennysheep_pointless_box
D:5:      gammafunk_wand_slinger, layout_basic, hangedman_decor_push
D:6:      layout_rooms, temple_green
D:7:      layout_basic
D:8:      layout_loops_ring, serial_shops, shop_statue
D:9:      layout_irregular_city, lair_entry_dummy, orc_0_dummy,
          nicolae_shop_self_help
D:10:     layout_rooms, kennysheep_mini, serial_shops, shop, uniq_grum
D:11:     layout_loops_cross, gammafunk_ghost_ooze, serial_shops,
          nicolae_diamond_shop, uniq_sonja, uniq_erolcha
D:12:     layout_roguey
D:13:     layout_rooms, hangedman_vaults_entry_quadrant_bands, uniq_kirke
D:14:     layout_stronghold, fedhas_altar_3, st_stairs_4,
          grunt_decor_resistance, zin_academy
D:15:     grunt_enter_depths_magical_seal, layout_basic,
          chequers_serial_rivers_small_b, special_room
          [special_room_mythical_zoo], drop_trap, uniq_azrael
Lair:1:   layout_cave_shapes, minmay_lair_oklob_chamber,
          infiniplex_staircase_pool_2
Lair:2:   layout_roguey [special_room_bee], minmay_shoals_entry_centaurs,
          minmay_lindwurm_lava
Lair:3:   layout_cave_pods, guppyfry_snake_entry_island, grunt_megastairs_3
Lair:4:   layout_concentric_octagons, nicolae_lair_yak_garden,
          grunt_megastairs_4
Lair:5:   layout_hall_layers, wad_woods_river_01, lemuel_fruit_tree,
          grunt_megastairs_1
Lair:6:   cheibrodos_lair_end_hotspot, layout_long_grid, slime_altar_1,
          basic_altar, uniq_snorg
Snake:1:  layout_gridlike, gammafunk_ghost_grave, uniq_agnes
Snake:2:  layout_rooms, portal_ice_cave_entry_ugly_swarm,
          nicolae_snake_snakewalk, uniq_vashnia
Snake:3:  layout_cave_town, serial_bayou_lagoon_b, serial_bayou_shore_a
Snake:4:  grunt_snake_rune_pools, layout_rooms, uniq_bai_suzhen
Orc:1:    layout_diamond_mine, trog_butcher_becter
Orc:2:    st_orc_open, layout_caves, basic_altar, serial_shops,
          nicolae_shop_overgrown_old_shop, nicolae_shop_behind_doors, shop,
          nicolae_shop_statue_plus, nicolae_orc_bridge_out,
          david_defended_altar_orc

Skill      XL: |  1  2  3  4  5  6  7  8  9 10 11 12 13 14 15 16 17 |
---------------+----------------------------------------------------+-----
Axes           | 3 4 5 7 8 |  8.8
Dodging        | 3 4 5 6 7 8 9 |  9.9
Fighting       | 3 4 6 7 9 11 12 | 12.6
Armour         | 2 3 4 5 6 7 8 |  8.3
Long Blades    | 3 7 9 10 12 13 14 | 14.3
Invocations    | 2 5 6 8 9 10 | 10.8
Spellcasting   | 7 10 12 | 12.6
Transmutations | 6 10 12 | 12.5
Throwing       | |  1.8
Stealth        | |  0.5
Evocations     | |  0.2

Action                   |  1- 3 |  4- 6 |  7- 9 | 10-12 | 13-15 | 16-18 || total
-------------------------+-------+-------+-------+-------+-------+-------++-------
Melee: War axe           |   123 |   183 |   197 |       |       |       ||   503
       Kick              |       |    15 |    71 |   160 |   344 |   257 ||   847
       Punch             |       |       |     1 |     2 |     3 |     9 ||    15
       Demon blade       |       |       |    11 |   265 |   560 |   400 ||  1236
       Broad axe         |       |       |       |       |    78 |    30 ||   108
Throw: Throwing net      |       |       |       |     2 |     9 |       ||    11
Invok: Heroism           |       |       |     6 |     8 |     9 |    19 ||    42
       Finesse           |       |       |       |     2 |     3 |     2 ||     7
Evoke: Wand              |       |       |     4 |     7 |    11 |     1 ||    23
  Use: Scroll            |       |       |       |    13 |    18 |     3 ||    34
       Potion            |       |       |       |       |     1 |     1 ||     2
 Stab: Sleeping          |     1 |       |     3 |       |     1 |     2 ||     7
       Held in net/web   |       |       |       |       |     4 |       ||     4
Armor: Leather armour    |    72 |   102 |    94 |   118 |    92 |       ||   478
       Troll leather arm |       |       |       |       |   110 |   129 ||   239
Dodge: Dodged            |   154 |   174 |   207 |   284 |   645 |   522 ||  1986
Block: Other             |       |       |       |       |    78 |   138 ||   216
       Reflection        |       |       |       |       |    10 |    18 ||    28
       Rpst.: Demon blade |       |       |     3 |    78 |   120 |    85 ||   286

Table legend: (Time is in decaauts)
 A = Elapsed time spent in this place.
 B = Non-inter-level travel time spent in this place.
 C = Inter-level travel time spent in this place.
 D = Time resting spent in this place.
 E = Time spent auto-exploring this place.
 F = Levels seen in this place.
 G = Mean time per level.
                   A        B        C        D        E       F      G
               +--------+--------+--------+--------+--------+-----+--------+
         Total |  25498 |  24053 |   1445 |   2128 |  13933 |  27 |  944.4 |
       Dungeon |  14152 |  13167 |    985 |    937 |   8790 |  15 |  943.5 |
          Lair |   5653 |   5345 |    308 |    408 |   2651 |   6 |  942.2 |
     Snake Pit |   3816 |   3783 |     33 |    577 |   1630 |   4 |  954.0 |
  Orcish Mines |   1875 |   1758 |    117 |    204 |    860 |   2 |  937.5 |
               +--------+--------+--------+--------+--------+-----+--------+

Top non-repeatable levels by time:
  Lair:6: 1483 daAuts
    D:12: 1480 daAuts
     D:2: 1425 daAuts
 Snake:3: 1320 daAuts
 Snake:1: 1298 daAuts
   Orc:2: 1298 daAuts
     D:4: 1258 daAuts
  Lair:3: 1104 daAuts
 Snake:2: 1097 daAuts
    D:14: 1097 daAuts
     D:1: 1084 daAuts
  Lair:5: 1049 daAuts
    D:15: 1017 daAuts
     D:9: 975 daAuts
     D:5: 899 daAuts
